Map: Habitation Station LE (Void)

Players

Maru

  • Race: Terran Terran
  • Spawn Location: 1:00

Stats - Winner!

  • Race: Protoss Protoss
  • Spawn Location: 11:00

Event: IEM Season 11 - Gyeonggi

VOD

Have the link to the VOD?

Description

Time

  • Played on: Dec. 14, 2016, 8:24 p.m.
  • Length: 9:58

All games in this series

Show
View Real Time Build Order
Export as new Build Order

Maru Terran 

Build Orders: 1/1/1, MMM Bio, Widow Mine Drop 

Get SALT Encoding   

  12  0:00  SCV  
  13  0:12  SCV  
  14  0:17  Supply Depot  
  14  0:24  SCV  
  14  0:27  Refinery  
  15  0:38  SCV  
  16  0:43  Barracks  
  16  0:51  SCV  
  17  1:03  SCV  
  18  1:15  SCV  
  19  1:30  Marine, Orbital Command  
  20  1:33  Factory  
  20  1:40  Supply Depot  
  20  1:48  Marine  
  21  1:56  SCV  
  22  2:06  Marine  
  23  2:09  Command Center  
  23  2:18  Starport  
  23  2:21  Widow Mine  
  25  2:24  SCV  
  25  2:26  Marine  
  27  2:33  Supply Depot  
  27  2:36  SCV  
  28  2:44  Marine  
  28  2:48  SCV  
  30  2:55  Hellion, Medivac  
  30  2:57  Refinery  
  34  3:02  Marine  
  34  3:03  SCV  
  36  3:15  SCV  
  36  3:16  Hellion  
  39  3:26  Barracks  
  39  3:29  Barracks Tech Lab  
  39  3:30  Orbital Command  
  39  3:31  SCV  
  40  3:39  Factory Reactor  
  40  3:43  SCV  
  40  3:55  SCV  
  40  3:56  SCV  
  40  3:57  Marine  
  38  4:04  Stimpack  
  38  4:07  SCV  
  38  4:08  SCV  
  39  4:15  Marine  
  35  4:20  SCV  
  35  4:21  SCV  
  33  4:33  Marine  
  33  4:35  Marine  
  33  4:37  Bunker  
  35  4:38  Marine  
  35  4:41  SCV x2  
  38  4:47  Widow Mine  
  40  4:53  Engineering Bay  
  40  4:54  Marine x2  
  40  4:56  Marine  
  40  4:58  Supply Depot  
  41  5:00  SCV  
  41  5:07  Supply Depot  
  42  5:10  SCV  
  42  5:12  Marine x2  
  44  5:20  SCV  
  44  5:22  Terran Infantry Weapons Level 1  
  44  5:25  Missile Turret x2  
  44  5:26  Marine  
  45  5:29  SCV  
  45  5:33  SCV  
  47  5:38  Marine x2  
  47  5:41  SCV  
  47  5:42  Medivac  
  52  5:44  Marine  
  52  5:45  SCV  
  52  5:47  Refinery  
  53  5:53  Widow Mine  
  53  5:55  Marine, SCV  
  53  5:56  Marine  
  59  5:57  SCV  
  59  6:02  Marine  
  58  6:07  SCV, Combat Shields  
  58  6:09  SCV  
  60  6:12  Supply Depot  
  60  6:13  Marine  
  60  6:15  Marine, Starport Reactor  
  62  6:19  SCV  
  62  6:21  SCV  
  62  6:23  Widow Mine  
  66  6:29  Supply Depot  
  66  6:31  SCV  
  67  6:33  Marine x2, SCV  
  67  6:34  Marine  
  67  6:36  Liberator x2  
  71  6:44  SCV  
  71  6:45  SCV  
  73  6:51  Marine x3  
  82  6:57  SCV, Widow Mine  
  84  7:01  Supply Depot x2  
  84  7:09  Marine x2  
  86  7:19  Liberator, Missile Turret  
  86  7:23  SCV x2  
  86  7:25  Liberator  
  86  7:26  Widow Mine  
  86  7:27  Marine x2, Marauder  
  94  7:30  Supply Depot  
  94  7:31  Refinery  
  94  7:35  Missile Turret  
  97  7:37  SCV x2  
  102  7:51  SCV  
  102  7:58  Marine x3  
  106  8:12  Supply Depot x2, Missile Turret x2  
  106  8:14  Barracks  
  106  8:16  Marine  
  106  8:17  Marauder  
  80  8:29  Marine, Liberator x2  
  80  8:34  Marine  
  68  8:35  Widow Mine  
  68  8:38  Marauder  
  67  8:47  Marine  
  72  8:49  Barracks  
  72  8:51  SCV x2  
  74  8:56  Marine  
  74  8:59  Marauder  
  74  9:00  Barracks  
  77  9:03  SCV  
  77  9:05  Marine  
  77  9:07  Barracks Tech Lab  
  79  9:10  SCV  
  79  9:14  Marine, Concussive Shells  
  79  9:15  SCV  
  82  9:21  Marauder  
  82  9:23  Marine  
  83  9:24  Marine  
  90  9:33  Engineering Bay  
  79  9:38  Marine x2  
Show
View Real Time Build Order
Export as new Build Order

Stats Protoss - Winner!

Build Orders: 1 Gate Expand, Oracle Opening, Phoenix Opening 

Get SALT Encoding   

  12  0:00  Probe (Chrono Boost)  
  13  0:11  Probe (Chrono Boost)  
  14  0:17  Pylon  
  14  0:21  Probe (Chrono Boost)  
  15  0:36  Gateway, Probe (Chrono Boost)  
  15  0:41  Assimilator  
  16  0:46  Probe (Chrono Boost)  
  18  0:57  Probe (Chrono Boost)  
  18  1:07  Probe (Chrono Boost)  
  19  1:18  Nexus  
  19  1:27  Cybernetics Core  
  19  1:30  Probe (Chrono Boost)  
  20  1:34  Assimilator  
  20  1:41  Probe (Chrono Boost)  
  20  1:44  Pylon  
  21  1:51  Probe (Chrono Boost)  
  22  2:00  Adept  
  22  2:03  Probe (Chrono Boost)  
  22  2:04  Warp Gate  
  25  2:15  Probe (Chrono Boost)  
  26  2:21  Stargate  
  26  2:23  Adept  
  26  2:27  Probe (Chrono Boost)  
  29  2:30  Probe (Chrono Boost)  
  30  2:39  Probe (Chrono Boost)  
  30  2:41  Probe (Chrono Boost)  
  34  2:51  Probe x2 (Chrono Boost)  
  34  3:00  Oracle  
  34  3:01  Adept  
  34  3:02  Probe (Chrono Boost)  
  34  3:04  Probe (Chrono Boost)  
  38  3:07  Gateway  
  38  3:11  Gateway  
  41  3:17  Mothership Core (Chrono Boost)  
  43  3:22  Probe (Chrono Boost), Pylon  
  44  3:28  Pylon  
  45  3:34  Probe (Chrono Boost)  
  45  3:36  Probe (Chrono Boost)  
  45  3:40  Robotics Facility  
  46  3:46  Probe (Chrono Boost)  
  46  3:48  Probe (Chrono Boost)  
  48  3:52  Phoenix  
  50  4:07  Adept x3  
  52  4:18  Probe (Chrono Boost)  
  52  4:20  Probe (Chrono Boost)  
  52  4:23  Pylon  
  54  4:26  Observer  
  57  4:32  Probe (Chrono Boost), Assimilator  
  57  4:33  Probe (Chrono Boost), Pylon  
  57  4:34  Assimilator  
  57  4:36  Phoenix  
  57  4:43  Pylon  
  57  4:45  Probe x2 (Chrono Boost), Warp Prism  
  65  5:00  Probe x2 (Chrono Boost)  
  65  5:02  Nexus  
  65  5:04  Pylon  
  65  5:05  Phoenix  
  65  5:13  Probe x2 (Chrono Boost)  
  69  5:20  Adept x2  
  73  5:21  Adept  
  75  5:30  Pylon  
  75  5:32  Robotics Bay, Observer  
  76  5:42  Adept x2  
  80  5:44  Adept  
  82  5:55  Probe x2 (Chrono Boost)  
  84  5:57  Pylon  
  84  5:58  Pylon  
  84  6:09  Sentry, Adept x2  
  90  6:13  Colossus  
  90  6:17  Probe (Chrono Boost)  
  90  6:18  Probe x2 (Chrono Boost)  
  93  6:22  Extended Thermal Lance  
  99  6:30  Pylon x2  
  99  6:38  Probe (Chrono Boost)  
  99  6:39  Probe x2 (Chrono Boost)  
  102  6:41  Stalker  
  102  6:42  Stalker  
  102  6:46  Stalker  
  108  6:53  Probe (Chrono Boost)  
  111  6:55  Probe x2 (Chrono Boost)  
  111  6:58  Gateway  
  111  7:01  Gateway  
  111  7:03  Colossus  
  111  7:04  Gateway  
  111  7:06  Pylon  
  111  7:09  Pylon  
  111  7:11  Void Ray  
  121  7:26  Assimilator  
  121  7:27  Assimilator  
  121  7:28  Stalker, Adept  
  121  7:29  Zealot  
  127  7:37  Pylon  
  127  7:42  Forge  
  127  7:43  Gateway  
  127  7:45  Pylon  
  127  7:50  Colossus  
  127  7:53  Void Ray, Pylon  
  136  8:09  Zealot, Stalker x2  
  108  8:29  Adept x3  
  106  8:37  Void Ray  
  106  8:39  Stalker x3  
  112  8:42  Observer  
  117  8:56  Sentry x3  
  123  9:03  Adept x2  
  123  9:04  Adept  
  123  9:06  Gateway  
  129  9:20  Stalker x4  
  137  9:26  Stalker x3  
  137  9:45  Adept x4  

Tags
 
Add a new tag
Caveats
  • Supply blocks, unpowered buildings, or Contaminate may cause inaccurate times.
  • Supply counts are checked every 10 seconds.